Cogmind - Beta 12 X3 @@@ ROGUE MODE // 2022.09.06 @ 08:50:32 Player: Exp. Geonium Core Result: Destroyed by XO-L9G(z) with Zionite Laser-S Performance ------------- Evolutions (3) 1500 Regions Visited (10) 2000 Robots Destroyed (123) 615 Value Destroyed (3878) 3878 Prototype IDs (33) 660 Alien Tech Used (0) 0 Bonus (-1400) -1400 TOTAL SCORE: 7253 Bonus ------- Follower Combat Kills 95 Aligned with FarCom 300 Met Imprinter 300 Friendly Fire -2095 Cogmind --------- Core Integrity 0/700 Matter 300/300 Energy 90/100 System Corruption 5% Temperature Cool (9) Movement Walking (140) Location -7/Deep Caves Parts ------- > --- POWER (1) -------- (None) > --- PROPULSION (6) --- Glidesys-Scrap Exoskeleton > --- UTILITY (2) ------ Armored Scrap Engine > --- WEAPON (4) ------- Makeshift Axe CR-A16's Pointy Stick > --- INVENTORY (5) ---- Molecular Deconstructor Makeshift Hammer Makeshift Axe Peak State ------------ > --- POWER ------------ Power-Ion Engine > --- PROPULSION ------- Glidesys-Scrap Exoskeleton > --- UTILITY ---------- Armored Scrap Engine > --- WEAPON ----------- Energy Caster Construct/C Burst Energy Construct/G High-powered Kinetic Gauss Construct/G Energy Construct/C > --- INVENTORY -------- Molecular Deconstructor Makeshift Hammer Makeshift Axe CR-A16's Pointy Stick [Rating: 66] Favorites ----------- Power Power-Ion Engine Engine Power-Ion Engine Power Core Light Nuclear Core Reactor Zionite Light DM Reactor Propulsion Glidesys-Scrap Exoskeleton Treads Light Treads Leg Glidesys-Scrap Exoskeleton Utility Armored Scrap Engine Device Armored Scrap Engine Storage Small Storage Unit Protection Improved Weapon Shielding Weapon Burst Energy Construct/G Energy Gun Burst Energy Construct/G Energy Cannon Energy Caster Construct/C Ballistic Gun High-powered Kinetic Gauss Construct/G Ballistic Cannon Energy Construct/C Launcher Grenade Launcher Special Weapon Molecular Deconstructor Slashing Weapon Ripper Piercing Weapon CR-A16's Pointy Stick Build | -11 -10 -10 -10 -9 -8 -7 -7 -7 -7 -7 ------- Run | Scr Mat Min Exi Min Mat Fac Low Low Zio Dee Slots Evolved 6 | . . . . . 4 2 . . . . Power . | . . . . . . . . . . . Propulsion 4 | . . . . . 4 . . . . . Utility . | . . . . . . . . . . . Weapon 2 | . . . . . . 2 . . . . Parts Attached 36 | . 1 . . 2 14 6 4 4 3 2 Power 4 | . . . . 1 2 . . . . 1 Engine 2 | . . . . 1 1 . . . . . Core 1 | . . . . . 1 . . . . . Reactor 1 | . . . . . . . . . . 1 Propulsion 8 | . . . . . 8 . . . . . Treads 5 | . . . . . 5 . . . . . Leg 3 | . . . . . 3 . . . . . Wheel . | . . . . . . . . . . . Hover . | . . . . . . . . . . . Flight . | . . . . . . . . . . . Utility 2 | . . . . . 1 1 . . . . Device 1 | . . . . . . 1 . . . . Storage . | . . . . . . . . . . . Processor . | . . . . . . . . . . . Hackware . | . . . . . . . . . . . Protection 1 | . . . . . 1 . . . . . Artifact . | . . . . . . . . . . . Weapon 22 | . 1 . . 1 3 5 4 4 3 1 Energy Gun 3 | . . . . . 1 1 . . . 1 Energy Cannon . | . . . . . . . . . . . Ballistic Gun 3 | . . . . 1 2 . . . . . Ballistic Cannon . | . . . . . . . . . . . Launcher 5 | . 1 . . . . . 3 1 . . Special Weapon 1 | . . . . . . . . 1 . . Impact Weapon . | . . . . . . . . . . . Slashing Weapon 9 | . . . . . . 4 1 2 2 . Piercing Weapon 1 | . . . . . . . . . 1 . Special Melee Weapon . | . . . . . . . . . . . Unidentified Prototypes 4 | . . . . . 1 . . 1 . 2 Parts Lost 24 | . . . . 3 2 2 2 1 7 7 Power 4 | . . . . 1 1 . . . . 2 Propulsion 8 | . . . . . 1 . . 1 2 4 Utility . | . . . . . . . . . . . Weapon 12 | . . . . 2 . 2 2 . 5 1 Highest Loss Streak 3 | . . . . 2 1 1 2 1 2 3 To Critical Strikes . | . . . . . . . . . . . Average Slot Usage (%) 55 | . 85 85 85 75 89 54 50 47 47 42 Engine 6 | . 14 14 14 4 1 6 7 7 6 3 Treads 5 | . . . . . 36 12 2 . . . Leg 6 | . 28 28 28 28 14 1 4 7 3 7 Hover 1 | . . . . . . . . . 3 . Device 5 | . . . . . . 7 7 7 7 7 Storage 2 | . 14 14 14 14 9 . . . . . Energy Gun 4 | . 8 . . . 3 8 7 6 2 . Energy Cannon 2 | . . . . . . . . 3 5 . Ballistic Gun 9 | . 14 14 14 23 14 10 8 8 7 4 Ballistic Cannon 1 | . . . . . . . 5 . 1 . Launcher 1 | . 5 14 14 4 . . 2 . . . Slashing Weapon 3 | . . . . . . 6 2 4 2 7 Piercing Weapon 1 | . . . . . . . . . 2 7 Naked Turns . | . . . . . . . . . . . Heaviest Build 28 | 10 12 12 12 12 23 23 25 27 28 23 Greatest Support 126 | 20 20 20 20 20 100 97 125 68 126 109 Greatest Overweight (x) 1 | . . . . . 1 . . . . . Average Overweight (x) . | . . . . . . . . . . . Largest Inventory Capacity 8 | . 8 8 8 8 8 8 5 5 5 5 Average Capacity 5 | . 8 8 8 8 8 5 5 5 5 5 Most Carried 8 | . 8 8 8 8 8 8 2 5 5 4 Average Carried 4 | . 7 8 7 7 7 2 1 3 4 4 Final Capacity 8 | 8 8 8 8 8 8 5 5 5 5 5 Final Carried 8 | 6 8 8 8 8 8 2 2 5 4 4 Class Distribution -------------------- 80% | Construct 19% | Mutant Dominant Class ---------------- Mutant | -10/Materials Mutant | -10/Mines Mutant | -10/Exiles Mutant | -9/Mines Mutant | -8/Materials Construct | -7/Factory Construct | -7/Lower Caves Construct | -7/Lower Caves Construct | -7/Zion Construct | -7/Deep Caves Resources | -11 -10 -10 -10 -9 -8 -7 -7 -7 -7 -7 ----------- Run | Scr Mat Min Exi Min Mat Fac Low Low Zio Dee Matter Collected 2574 | 200 . . . 59 212 604 375 132 976 16 Remotely . | . . . . . . . . . . . Salvage Created 5768 | . 25 . . 12 496 1343 913 509 2170 300 Parts 315 | . 6 . . 2 23 56 34 21 148 25 Haulers Intercepted 1 | . . . . . . 1 . . . . Recyclers Shooed 2 | . . . . . . 2 . . . . Parts Field Recycled . | . . . . . . . . . . . Retrieved Matter . | . . . . . . . . . . . Parts Self-Destructed 40 | . . . . . . . 16 21 3 . Prevented 3 | . . . . . . . 3 . . . Kills | -11 -10 -10 -10 -9 -8 -7 -7 -7 -7 -7 ------- Run | Scr Mat Min Exi Min Mat Fac Low Low Zio Dee Combat Hostiles Destroyed 81 | . 3 . . 4 10 22 20 3 14 5 Melee 7 | . . . . . . 2 . . . 5 Guns 41 | . . . . . 10 18 7 2 4 . Cannons 5 | . . . . . . . . . 5 . AOE 26 | . 3 . . 4 . . 13 1 5 . Classes Destroyed 21 | . 2 . . . 4 6 3 1 2 3 Worker 6 | . 1 . . . 1 4 . . . . Builder 4 | . . . . . . 4 . . . . Tunneler 1 | . . . . . . 1 . . . . Hauler 1 | . . . . . . 1 . . . . Recycler 3 | . . . . . 1 2 . . . . Watcher 1 | . . . . . . 1 . . . . Swarmer 12 | . 3 . . 4 . . 5 . . . Grunt 29 | . . . . . 7 13 7 2 . . Brawler 1 | . . . . . . . 1 . . . Duelist 5 | . . . . . 1 1 2 1 . . Sentry 5 | . . . . . 2 1 2 . . . Hunter 5 | . . . . . . 3 2 . . . Programmer 5 | . . . . . . 4 1 . . . Zionite 54 | . . . . . . . . . 54 . Z-Technician 3 | . . . . . . . . . . 3 Z-Light 4 | . . . . . . . . . . 4 Samaritan 3 | . . . . . . . 2 1 . . Tinkerer 3 | . . . . . . . . 1 2 . Assembled 1 | . . . . . . . . . . 1 Wasp 1 | . . . . . . . . . 1 . Thug 1 | . . . . . . . 1 . . . Savage 2 | . . . . . . . . . 2 . Butcher 6 | . . . . . . . 1 1 4 . Guerrilla 1 | . . . . . . . . 1 . . Fireman 1 | . . . . . . . . . 1 . Mutant 7 | . . . . . . . 1 . 6 . Commander 1 | . . . . . . . . 1 . . Best Kill Streak 11 | . 4 . . 4 4 6 9 3 11 3 Combat Bots Only 9 | . 3 . . 4 3 6 9 3 5 3 Max Kills in Single Turn 3 | . 3 . . 2 2 2 2 2 2 1 Gunslinging 1 | . . . . . . . . 1 . . Exploded 2 | . 2 . . 2 . . 2 1 2 . Melee 1 | . . . . . . 1 . . . 1 Uniques/NPCs Destroyed 1 | . . . . . . . . . 1 . Imprinter (-7/Zion) Combat | -11 -10 -10 -10 -9 -8 -7 -7 -7 -7 -7 -------- Run | Scr Mat Min Exi Min Mat Fac Low Low Zio Dee Damage Taken 7599 | . 62 . . 232 728 1399 1072 279 2235 1592 Core 844 | . 9 . . 35 83 129 115 16 262 195 Absorbed by Shields . | . . . . . . . . . . . Redirected to Shielding 65 | . . . . . 65 . . . . . Core Remaining (%) 88 | 100 . . . 82 84 . . . . . Volleys Fired 363 | . 2 . . 5 36 84 47 3 184 2 Largest 4 | . 1 . . 1 2 2 3 4 4 1 Hottest 175 | . 30 . . 30 60 103 120 150 175 60 Shots Fired 600 | . 2 . . 5 72 115 69 9 326 2 Gun 467 | . . . . . 72 115 41 8 229 2 Cannon 113 | . . . . . . . 16 . 97 . Launcher 20 | . 2 . . 5 . . 12 1 . . Special . | . . . . . . . . . . . Kinetic 317 | . . . . . 47 48 16 . 205 1 Thermal 202 | . . . . . 25 67 10 3 96 1 Explosive 20 | . 2 . . 5 . . 12 1 . . Electromagnetic 61 | . . . . . . . 31 5 25 . Robot Hit Streak 21 | . . . . 1 19 21 10 7 13 1 Robot Miss Streak 9 | . . . . 1 5 7 4 2 9 3 Penetration Max 1 | . . . . . . 1 . . 1 . Secondary Targets 6 | . . . . . 2 . . 1 3 . Max Gunslinging Chain 1 | . . . . . 1 . . 1 1 . Shots Hit Robots 498 | . . . . 1 55 132 52 19 217 22 Core Hits 448 | . 4 1 . 5 57 169 56 15 130 11 Critical Kills 1 | . . . . . . . . . 1 . Critical Parts Destroyed 1 | . . . . . . . . . 1 . Critical Strikes 10 | . . . . . . 5 . 1 3 1 Burn 3 | . . . . . . 3 . . . . Destroy 3 | . . . . . . . . . 3 . Sever 4 | . . . . . . 2 . 1 . 1 Melee Attacks 115 | . . . . . . 50 11 14 7 33 Impact . | . . . . . . . . . . . Slashing 109 | . . . . . . 50 11 14 7 27 Piercing 6 | . . . . . . . . . . 6 Sneak Attacks 35 | . . . . . . 13 9 10 . 3 Combat Hostiles . | . . . . . . . . . . . Follow-up Attacks 6 | . . . . . . . . . . 6 Damage Inflicted 14215 | . 200 34 . 373 798 3092 2518 1234 5011 955 Guns 5892 | . . . . . 798 1896 494 81 2595 28 Cannons 1227 | . . . . . . . 50 . 1177 . Explosions 2917 | . 200 . . 355 . . 1293 301 768 . Melee 4127 | . . . . . . 1196 681 852 471 927 Ramming 52 | . . 34 . 18 . . . . . . Kinetic 4023 | . . . . . 633 739 50 . 2601 . Thermal 3560 | . . . . . 165 1157 153 207 1850 28 Explosive 1903 | . 200 . . 355 . . 1205 143 . . Electromagnetic 550 | . . . . . . . 429 32 89 . Impact . | . . . . . . . . . . . Slashing 3993 | . . . . . . 1196 681 852 471 793 Piercing 134 | . . . . . . . . . . 134 Highest Corruption 13 | . . . . . . 9 13 13 13 5 Average Corruption 7 | . . . . . . 6 10 13 4 5 Corruption Purged . | . . . . . . . . . . . Corruption Blocked . | . . . . . . . . . . . Effects 249 | . . . . . . 60 65 23 90 11 Message Errors 61 | . . . . . . 15 12 6 21 7 Matter Fused 77 | . . . . . . 24 18 6 26 3 Heat Flow Errors 24 | . . . . . . 4 9 2 9 . Energy Discharges 33 | . . . . . . 7 7 2 17 . Parts Rejected 1 | . . . . . . 1 . . . . Data Loss (minor) 19 | . . . . . . 4 6 2 7 . Data Loss (major) 16 | . . . . . . 3 8 2 3 . Misfires 2 | . . . . . . 2 . . . . Alerts 8 | . . . . . . . 4 2 1 1 Weapon Failures 8 | . . . . . . . 1 1 6 . Overload Shots . | . . . . . . . . . . . Overflow Damage 849 | . 8 . . 45 . 252 162 166 149 67 Projectiles 40 | . . . . . . . . . 40 . Explosions 120 | . 8 . . 45 . . 5 5 57 . Melee 689 | . . . . . . 252 157 161 52 67 Knockbacks 14 | . . . . 1 . . 1 . 12 . Impact 1 | . . . . 1 . . . . . . Kinetic 12 | . . . . . . . 1 . 11 . Secondary 1 | . . . . . . . . . 1 . Self-Inflicted Damage 586 | . 53 . . 106 . . 158 98 171 . Shots 15 | . 2 . . 3 . . 4 2 4 . Rammed . | . . . . . . . . . . . Targets Rammed 13 | . . 5 . 7 . 1 . . . . Kicked 13 | . . 5 . 7 . 1 . . . . Crushed . | . . . . . . . . . . . Highest Temperature 272 | . . . . . 45 238 271 203 272 47 Average Temperature 68 | . . . . . 15 56 72 77 73 20 Received Heat Transfer 2270 | . . . . 45 441 462 312 63 486 461 Siege Activations . | . . . . . . . . . . . Robots Corrupted . | . . . . . . . . . . . Combat Hostiles . | . . . . . . . . . . . Parts Fried 1 | . . . . . . . 1 . . . Impact Corruptions . | . . . . . . . . . . . Robots Melted 3 | . . . . . . 3 . . . . Combat Hostiles 2 | . . . . . . 2 . . . . Parts Melted 27 | . . . . . . 23 1 . 3 . Heat Transferred 8105 | . . . . . 375 6723 50 150 770 37 Parts Sabotaged . | . . . . . . . . . . . Parts Stolen . | . . . . . . . . . . . Parts Stripped . | . . . . . . . . . . . Power Chain Reactions 9 | . . . . . . . 2 1 6 . Missiles Intercepted . | . . . . . . . . . . . Alert | -11 -10 -10 -10 -9 -8 -7 -7 -7 -7 -7 ------- Run | Scr Mat Min Exi Min Mat Fac Low Low Zio Dee Peak Influence 265 | . 140 54 . 205 144 265 . . . . Initial 65 | . . 54 . . . 65 . . . . Average 131 | . 43 54 . 48 88 174 . . . . Maximum Alert Level 1 | . . . . 1 . 1 . . . . Low Security (%) 76 | . 100 100 . 96 100 62 . . . . Level 1 23 | . . . . 3 . 37 . . . . Level 2 . | . . . . . . . . . . . Level 3 . | . . . . . . . . . . . Level 4 . | . . . . . . . . . . . Level 5 . | . . . . . . . . . . . High Security . | . . . . . . . . . . . Max Security . | . . . . . . . . . . . Squads Dispatched 9 | . . . . . 1 8 . . . . Investigation 1 | . . . . . . 1 . . . . Extermination 3 | . . . . . . 3 . . . . Reinforcement 5 | . . . . . 1 4 . . . . Assault . | . . . . . . . . . . . Garrison . | . . . . . . . . . . . Intercept . | . . . . . . . . . . . Searches Triggered . | . . . . . . . . . . . Construction Impeded 1 | . . . . . . 1 . . . . Haulers Reinforced 1 | . . . . . . 1 . . . . Active Scanning Responses . | . . . . . . . . . . . Cargo Convoy Interrupts . | . . . . . . . . . . . Stealth | -11 -10 -10 -10 -9 -8 -7 -7 -7 -7 -7 --------- Run | Scr Mat Min Exi Min Mat Fac Low Low Zio Dee Distress Signals 5 | . . 1 . . 3 1 . . . . Communications Jammed . | . . . . . . . . . . . Distress Signals . | . . . . . . . . . . . Times Spotted 188 | . 5 . . 12 15 39 20 4 83 10 Peak Tracking Total 8 | . 3 . . 4 5 6 5 4 8 7 Tactical Retreats 13 | . . . . 2 1 2 . . 8 . Traps | -11 -10 -10 -10 -9 -8 -7 -7 -7 -7 -7 ------- Run | Scr Mat Min Exi Min Mat Fac Low Low Zio Dee Traps Triggered 6 | . . . . . . 6 . . . . Indirectly . | . . . . . . . . . . . Trap Hack Attempts . | . . . . . . . . . . . Triggered . | . . . . . . . . . . . Disarmed . | . . . . . . . . . . . Reprogrammed . | . . . . . . . . . . . Reused . | . . . . . . . . . . . Traps Extracted . | . . . . . . . . . . . Installed . | . . . . . . . . . . . Triggered . | . . . . . . . . . . . Machines | -11 -10 -10 -10 -9 -8 -7 -7 -7 -7 -7 ---------- Run | Scr Mat Min Exi Min Mat Fac Low Low Zio Dee Machines Disabled 5 | . . . . 1 . 1 1 1 1 . Max in Single Turn 1 | . . . . 1 . 1 1 1 1 . Machines Sabotaged . | . . . . . . . . . . . Overloaded Fab Kills . | . . . . . . . . . . . Hacking | -11 -10 -10 -10 -9 -8 -7 -7 -7 -7 -7 --------- Run | Scr Mat Min Exi Min Mat Fac Low Low Zio Dee Machines Accessed 10 | . 1 . 2 . 3 1 1 2 . . Terminals 5 | . 1 . . . 3 1 . . . . Fabricators . | . . . . . . . . . . . Repair Stations . | . . . . . . . . . . . Recycling Units . | . . . . . . . . . . . Scanalyzers . | . . . . . . . . . . . Garrison Access . | . . . . . . . . . . . Total Hacks 18 | . 3 . 2 . 6 2 1 4 . . Successful 11 | . 1 . 2 . 2 1 1 4 . . Failed 7 | . 2 . . . 4 1 . . . . Catastrophic 1 | . 1 . . . . . . . . . Database Lockouts . | . . . . . . . . . . . Manual 17 | . 3 . 1 . 6 2 . 1 4 . Terminals 11 | . 3 . . . 6 2 . . . . Fabricators . | . . . . . . . . . . . Repair Stations . | . . . . . . . . . . . Recycling Units . | . . . . . . . . . . . Scanalyzers . | . . . . . . . . . . . Garrison Access . | . . . . . . . . . . . Terminal Hacks 11 | . 1 . 2 . 2 1 1 4 . . Record 4 | . . . 1 . . . . 3 . . Robot Analysis 1 | . . . . . 1 . . . . . Open Door 2 | . . . . . . . 1 1 . . Level Access Points 1 | . . . . . 1 . . . . . Branch Access Points 2 | . 1 . . . . 1 . . . . EX-Prototype ID Bank 1 | . . . 1 . . . . . . . Fabricator Hacks . | . . . . . . . . . . . Repair Station Hacks . | . . . . . . . . . . . Recycling Unit Hacks . | . . . . . . . . . . . Scanalyzer . | . . . . . . . . . . . Garrison Access Hacks . | . . . . . . . . . . . Unauthorized Hacks . | . . . . . . . . . . . Terminals . | . . . . . . . . . . . Fabricators . | . . . . . . . . . . . Repair Stations . | . . . . . . . . . . . Recycling Units . | . . . . . . . . . . . Scanalyzers . | . . . . . . . . . . . Garrison Access . | . . . . . . . . . . . Data Cores Recovered . | . . . . . . . . . . . Used . | . . . . . . . . . . . Hacking Detections 4 | . 1 . . . 2 1 . . . . Full Trace Events . | . . . . . . . . . . . Feedback Events . | . . . . . . . . . . . Feedback Blocked . | . . . . . . . . . . . Robot Schematics Acquired . | . . . . . . . . . . . Robots Built . | . . . . . . . . . . . Authchips . | . . . . . . . . . . . Time . | . . . . . . . . . . . Total Robot Build Rating . | . . . . . . . . . . . Part Schematics Acquired . | . . . . . . . . . . . Parts Built . | . . . . . . . . . . . Authchips . | . . . . . . . . . . . Time . | . . . . . . . . . . . Total Part Build Rating . | . . . . . . . . . . . Parts Repaired . | . . . . . . . . . . . Time . | . . . . . . . . . . . Parts Recycled . | . . . . . . . . . . . Recycled Matter . | . . . . . . . . . . . Retrieved Matter . | . . . . . . . . . . . Retrieved Components . | . . . . . . . . . . . Parts Scanalyzed . | . . . . . . . . . . . Part Schematics Acquired . | . . . . . . . . . . . Parts Damaged . | . . . . . . . . . . . Bothacking | -11 -10 -10 -10 -9 -8 -7 -7 -7 -7 -7 ------------ Run | Scr Mat Min Exi Min Mat Fac Low Low Zio Dee Used RIF Installer . | . . . . . . . . . . . Robots Hacked . | . . . . . . . . . . . Non-combat . | . . . . . . . . . . . Combat . | . . . . . . . . . . . Robot Hacks Applied . | . . . . . . . . . . . Relay Couplers Released . | . . . . . . . . . . . Fabnet Peak Effective % . | . . . . . . . . . . . Robots Rewired 2 | . . . . . . . 1 . 1 . Allies Hacked . | . . . . . . . . . . . Hacks Repelled . | . . . . . . . . . . . Allies | -11 -10 -10 -10 -9 -8 -7 -7 -7 -7 -7 -------- Run | Scr Mat Min Exi Min Mat Fac Low Low Zio Dee Total Allies 7 | . . 3 . . . . 1 . 3 . Largest Group 3 | . . 3 3 3 . . 1 1 3 . Highest-Rated Group 61 | . . 40 40 40 . . 16 16 61 . Highest-Rated Ally 32 | . . 16 16 16 . . 16 16 32 . Total Orders . | . . . . . . . . . . . Ally Attacks 48 | . . . . 32 . . 5 4 7 . Total Damage 580 | . . . . 295 . . 65 50 170 . Kills 7 | . . . . 2 . . . 1 4 . Allies Corrupted . | . . . . . . . . . . . Allies Melted . | . . . . . . . . . . . Intel | -11 -10 -10 -10 -9 -8 -7 -7 -7 -7 -7 ------- Run | Scr Mat Min Exi Min Mat Fac Low Low Zio Dee Robot Analysis Total 1 | . . . . . 1 . . . . . Derelict Logs Recovered 7 | . . 1 . 2 . . 2 1 1 . Drone Launches . | . . . . . . . . . . . Drone Recoveries . | . . . . . . . . . . . Exploration | -11 -10 -10 -10 -9 -8 -7 -7 -7 -7 -7 ------------- Run | Scr Mat Min Exi Min Mat Fac Low Low Zio Dee Turns Passed 12483 | . 100 316 269 680 690 2782 1834 692 4774 346 Spaces Moved 6088 | 1 78 255 223 522 273 1101 806 311 2082 436 Core . | . . . . . . . . . . . Treads 1563 | . . . . . 149 1069 319 . 26 . Legs 3831 | 1 78 255 223 522 124 32 487 311 1362 436 Wheels . | . . . . . . . . . . . Hover 694 | . . . . . . . . . 694 . Flight . | . . . . . . . . . . . Fastest Speed 60 | 120 120 120 120 120 120 157 205 147 60 60 Average Speed 137 | 120 120 120 120 120 142 190 205 204 98 60 Slowest Speed 205 | 120 120 120 120 120 190 205 205 205 147 140 Overloaded Moves . | . . . . . . . . . . . Propulsion Burnouts . | . . . . . . . . . . . Robots Hopped . | . . . . . . . . . . . Cave-ins Triggered . | . . . . . . . . . . . Exploration Rate (%) 52 | 2 24 56 62 77 33 33 91 42 89 67 Regions Visited 10 Branch Regions 7 Pre-discovered Areas 5 | . . . 1 . . . . . 4 . Known Exits Taken 4 | . 1 . 1 . 1 1 . . . . Unknown Exits Taken 6 | 1 . 1 . 1 . . 1 1 1 . Scrap Searched 10 | . . . . 2 . . 3 . 5 . Spaces Dug 91 | . 18 . . 21 . 19 33 . . . Terrain Destroyed 173 | . 18 . . 28 . 20 84 19 4 . Melee 19 | . . . . . . 19 . . . . Projectile 5 | . . . . . . . . 1 4 . AOE 148 | . 18 . . 28 . . 84 18 . . Terrain Rammed . | . . . . . . . . . . . Walls Destroyed . | . . . . . . . . . . . Machines Disabled . | . . . . . . . . . . . Actions | -11 -10 -10 -10 -9 -8 -7 -7 -7 -7 -7 --------- Run | Scr Mat Min Exi Min Mat Fac Low Low Zio Dee Total 9459 | . 82 264 225 569 508 1595 910 337 4483 486 Wait 2775 | . . 5 . 30 165 334 25 . 2199 17 Move 6078 | . 77 254 222 521 272 1100 805 310 2081 436 Hop . | . . . . . . . . . . . Pick Up 23 | . 2 . 1 2 10 4 . 1 3 . Fast Attach 18 | . . . . 1 9 4 . 1 1 2 Attach 13 | . . . . . 4 2 2 3 2 . Detach 8 | . . . . . . 1 2 4 1 . Swap 5 | . 1 . . 1 1 . 2 . . . Drop 37 | . . . 2 2 11 15 1 1 3 2 Fire 363 | . 2 . . 5 36 84 47 3 184 2 Melee 109 | . . . . . . 50 11 14 7 27 Ram . | . . . . . . . . . . . Kick 13 | . . 5 . 7 . 1 . . . . Crush . | . . . . . . . . . . . Escape Stasis . | . . . . . . . . . . . Rewire 17 | . . . . . . . 15 . 2 . Trap . | . . . . . . . . . . . Miscellaneous . | . . . . . . . . . . . Route ------- -11/Scrapyard -10/Materials -10/Mines (discovered 2 exits: [*Mat] / *Exi) -10/Exiles (discovered 2 exits: *Min x2) -9/Mines -8/Materials (discovered 3 exits: *Fac x3) -7/Factory (discovered 3 exits: [*Fac] / *Low x2) -7/Lower Caves -7/Lower Caves (discovered 2 exits: [*Fac] / *Zio) -7/Zion (discovered 2 exits: [*Dee] / [*Pro]) -7/Deep Caves History --------- Turn | Location | Event 1 | -11/Scrapyard | Discovered new exit (range 0) 1 | -11/Scrapyard | Entered Materials 38 | -10/Materials | Identified exit to Mines 101 | -10/Materials | Entered Mines 129 | -10/Mines | Assisted by bots powering up and referring to "LRC-V3" 284 | -10/Mines | Received a Rocket Launcher from a helpful Derelict 286 | -10/Mines | Assembled infested the area 316 | -10/Mines | Build established: Mutant 356 | -10/Mines | Discovered new exit (range 11) 406 | -10/Mines | Discovered new exit (range 5) 417 | -10/Mines | Entered Exiles 417 | -10/Exiles | Accompanied by 3 allies 418 | -10/Exiles | Identified exit to Mines 447 | -10/Exiles | Met 8R-AWN 467 | -10/Exiles | Met EX-HEX 509 | -10/Exiles | Met EX-BIN 525 | -10/Exiles | Aligned with FarCom system 527 | -10/Exiles | Given EX-Vault access code 558 | -10/Exiles | Opened EX-Vault 570 | -10/Exiles | Found Firepult 596 | -10/Exiles | Warned to stay clear of 0b10 Research branches 629 | -10/Exiles | Met EX-DEC 635 | -10/Exiles | Learned location of Zion (-7) 686 | -10/Exiles | Left Exiles lab with Firepult 686 | -10/Exiles | Entered Mines 686 | -9/Mines | Accompanied by 3 allies 744 | -9/Mines | A weapon hastily lodged in a ceiling crevice suddenly fell to the ground 893 | -9/Mines | Learned Materials trap positions 1355 | -9/Mines | Discovered new exit (range 10) 1366 | -9/Mines | Entered Materials 1366 | -8/Materials | Evolved 4 slots: Propulsion x4 1367 | -8/Materials | Loaded intel: 15 trap records 2014 | -8/Materials | Identified exit to Factory 2056 | -8/Materials | Entered Factory 2056 | -7/Factory | Evolved 2 slots: Weapon x2 2057 | -7/Factory | Identified exit to Lower Caves 2058 | -7/Factory | Found Scrap Engine 2664 | -7/Factory | Build established: Construct 4245 | -7/Factory | Discovered new exit (range 8) 4838 | -7/Factory | Entered Lower Caves 4850 | -7/Lower Caves | Encountered a Warlord checkpoint 5048 | -7/Lower Caves | Attracted the attention of an 0b10 checkpoint 5074 | -7/Lower Caves | Destroyed 9 combat bots 5590 | -7/Lower Caves | System corruption reached 10% 5929 | -7/Lower Caves | Attracted the attention of an 0b10 outpost 6335 | -7/Lower Caves | Discovered new exit (range 4) 6339 | -7/Lower Caves | Learned Factory terminal intel 6366 | -7/Lower Caves | Learned Factory emergency access door positions 6672 | -7/Lower Caves | Entered another Lower Caves area 6672 | -7/Lower Caves | Accompanied by 1 ally 6702 | -7/Lower Caves | Discovered new exit (range 5) 6738 | -7/Lower Caves | Acquired the password to a Derelict Tinkerer's latest research 6750 | -7/Lower Caves | Found Prototype Special Weapon 6750 | -7/Lower Caves | Identified Molecular Deconstructor 6895 | -7/Lower Caves | Learned 8 Factory zone layouts 6958 | -7/Lower Caves | Learned Armory trap positions 6958 | -7/Lower Caves | Learned Armory stockpile data 7100 | -7/Lower Caves | Destroyed DK-47F(g) 7338 | -7/Lower Caves | Discovered new exit (range 13) 7364 | -7/Lower Caves | Entered Zion 7364 | -7/Zion | Accompanied by 1 ally 7385 | -7/Zion | Learned location of Extension (-6) 7497 | -7/Zion | Discovered new exit (range 9) 7522 | -7/Zion | System corruption cleaned by Quarantine Array 7672 | -7/Zion | Learned location of Armory (-4) 7674 | -7/Zion | Learned location of Data Miner (-6) 7702 | -7/Zion | Gained Derelict followers 7954 | -7/Zion | Found CR-A16's Pointy Stick 8557 | -7/Zion | Rebuked by Imprinter 8641 | -7/Zion | Attacked by Zionites 9209 | -7/Zion | Destroyed Imprinter 9234 | -7/Zion | Extracted access codes from Imprinter's data core 9819 | -7/Zion | Opened final containment barrier to the Deep Caves 9845 | -7/Zion | Core integrity fell below 50% 10218 | -7/Zion | Spotted RZ-W3R(B) 10223 | -7/Zion | Spotted SS-9XV(B) 12133 | -7/Zion | Discovered new exit (range 5) 12134 | -7/Zion | Saw the warning signs outside the Deep Caves entrance 12138 | -7/Zion | Entered Deep Caves 12443 | -7/Deep Caves | Lost 3 parts (1p1n1w) 12464 | -7/Deep Caves | Core integrity fell below 20% 12484 | -7/Deep Caves | Destroyed by XO-L9G(z) with Zionite Laser-S Last Messages --------------- 12372_ Arm. Scrap Engine damaged due to network destabilization (-6). 12379_ Zio. Laser-S destroyed. 12382_ CR-A16's Pointy Stick follow-up attack on XO-L9G(z). 12385_ Scrap Exoskeleton destroyed. 12385_ Scrap Exoskeleton core remains intact and functional. 12398_ EJINIYAE|H71%9F1ZP6>&F4Q SZQGRTV 12412_ Zio. Light DM Reactor destroyed. 12419_ as-72714 destroyed. 12425_ System corrupted: Matter fused (-8). 12449_ System corrupted: Matter fused (-6). 12451_ Scrap Engine modifies Scrap Exoskeleton: Max Integrity -102, Coverage -23, Support -4. 12465_ Scrap Exoskeleton destroyed. 12465_ Scrap Exoskeleton core remains intact and functional. 12467_ Scrap Exoskeleton destroyed. 12467_ Arm. Scrap Engine damaged due to network destabilization (-7). 12469_ Arm. Scrap Engine constructs Glidesys-Scrap Exoskeleton. 12471_ IF-G1K(z) destroyed. 12473_ Acquired 6 matter. 12476_ as-81706 destroyed. Map ----- +----------------------------------------------------+ | | | | | | | | | | | | | | | | | ?????????????????????????????????????????????????? | | ?????????????????????????????????????????????????? | | ????????????????????????###############??????????? | | ???????????????????###### ###????????? | | ??????????????????## ####?????? | | ?????????????????## "### "###### | | ????????????????## ##??## % | | ???????????????## ######## | | ???????????????# #?## #### | | ???????????????# ## #??# #??## | | ??????????????## #### ###### #??# ##??### | | ??????????????# #??# #?????????# #### | | ??????????????# #??# #????????## | | ??????????????# #??# ### #????????? " | | ??????????????# ##??# ######????????? """ | | ??????????????# ##??# a;%####???????? ### "" | | ??????????????# #### zz%! #???????? #?# | | ??????????????# # @##### #???????? #?#### | | ??????????????# ## ####??## ##??????? ????# | | ??????????????# ####? #?????# ##?????? ????## | | ??????????????# #???# #????## ##????? ?????# | | ??????????????# #???# #??### ##???? ?????# | | ??????????????# #?### #### ##??? ??????? | | ??????????????# ### ## #???????????? | | ??????????????# # #???????????? | | ??????????????# ## #???????????? | | ??????????????# ### #???????????? | | ??????????????# #?# ## ##???????????? | | ??????????????### ##?# ##?###????????????? | | ????????????????## #??# #?????????????????? | | ?????????????????## #??# #?????????????????? | | ??????????????????# ##?## #?????????????????? | | ??????????????????#" ##### #?????????????????# | | ???????????????????## #????????????????## | | ????????????????????## #????????????????# | | ????????????????????## ###??????????????# | | ???????????????????## #???????????? | | ???????????????????# #???????????? | | ???????????????????# ??????? # | | ??????????????? # #??????? ?? | | ???????????? ##############??????? ??? | | ???????????? #?????????????????????? ????? | +----------------------------------------------------+ Best States ------------- Heat Dissipation 34 Energy Generation 27 Energy Capacity 300 Matter Stores 300 Matter Capacity 300 Sight Range 16 Terrain Scan Density 10 Weapon Shielding 66 Evasion (%) 63 Recoil Reduction 5 Item Schematics ----------------- None Robot Schematics ------------------ None Fabricated ------------ Nothing Alien Tech Used ----------------- None Achievements -------------- None Challenges ------------ None Game ------ Seed TargetFusionBroadsword Manual? 0 Play Time 01:13:40 Cumulative 323.8 hours Start 2022.09.06 @ 07:36:04 End 2022.09.06 @ 08:50:32 Sessions 1 Manual Loads 0 Difficulty Rogue Special Mode None Game No. 373 Rogue 373 Adventurer 0 Explorer 0 Win Type - Total 11 Types 8/0/2/1/0/0/0/0/0 Lore% 79 Gallery% 88 Achievement% 77 Wizard Run 0 Options --------- ASCII 0 Keyboard 0 Movement Numpad Keybinds 0 Fullscreen 1 Font 18/Terminus Map View 76x50 Tactical HUD 1 Map Filters NONE Filters NONE Steam 1 RUN: 3f2ba1ce-834a-4bb5-b336-851b358ce2f7